 Dungeon Crawl Stone Soup version 0.28-a0-1447-ga5a8893891 (webtiles) character file.

Game seed: 3417372166784935125

158 horus123 the Conjurer (level 5, -1/28 HPs)
             Began as a Deep Elf Conjurer on Jan 10, 2022.
             Was an Initiate of Ru.
             Slain by HallandMoats's ghost (8 damage)
             ... on level 3 of the Dungeon.
             The game lasted 00:06:34 (2977 turns).

horus123 the Conjurer (Deep Elf Conjurer)           Turns: 2977, Time: 00:06:35

Health: -1/28      AC:  4    Str:  4    XL:     5   Next: 16%
Magic:  5/13       EV: 12    Int: 25    God:    Ru [......]
Gold:   38         SH:  0    Dex: 13    Spells: 2/12 levels left

rFire   . . .      SeeInvis .   h - +2 short sword (elec)
rCold   + . .      Faith    .   (no shield)
rNeg    . . .      Spirit   .   a - +0 robe
rPois   .          Reflect  .   b - +1 helmet
rElec   .          Harm     .   (no cloak)
rCorr   .          Rampage  .   (no gloves)
Will    .....                   (no boots)
Stlth   ++........              (no amulet)
HPRegen 0.09/turn               f - ring of protection from cold
MPRegen 0.13/turn               (no ring)

@: no status effects
A: no striking features
a: Renounce Religion


You were on level 3 of the Dungeon.
You worshipped Ru.
Ru was noncommittal.
You visited 1 branch of the dungeon, and saw 3 of its levels.

You collected 38 gold pieces.

Inventory:

Hand Weapons
 h - a +2 short sword of electrocution (weapon)
Armour
 a - a +0 robe (worn)
 b - a +1 helmet (worn)
Jewellery
 f - a ring of protection from cold (left hand)
Scrolls
 g - a scroll of magic mapping {unknown}
Potions
 c - a potion of brilliance
 d - a potion of heal wounds


   Skills:
 - Level 2.4 Dodging
 - Level 2.4 Stealth
 - Level 4.0 Spellcasting
 - Level 5.0 Conjurations
 - Level 4.1 Hexes
 + Level 2.2 Translocations


You had 2 spell levels left.
You knew the following spells:

 Your Spells              Type           Power      Damage    Failure   Level
a - Magic Dart            Conj           100%       1d8       1%          1
b - Searing Ray           Conj           60%        2d6       1%          2
c - Dazzling Flash        Conj/Hex       56%        N/A       4%          3
d - Iskenderun's Mystic   Conj/Tloc      23%        2d6       21%         4

Your spell library contained the following spells:

 Spells                   Type           Power      Damage    Failure   Level
 Apportation              Tloc           32%        N/A       3%          1
 Corpse Rot               Necr/Air       10%        N/A       14%         2
 Gell's Gravitas          Tloc           16%        N/A       11%         3
 Lesser Beckoning         Tloc           16%        N/A       11%         3
 Teleport Other           Tloc           16%        N/A       11%         3
 Fulminant Prism          Conj/Hex       14%        3d9       14%         4
 Dispel Undead            Necr           5%         3d7       65%         4
 Alistair's Intoxication  Tmut/Pois      3%         N/A       94%         5
 Death Channel            Necr           2%         N/A       100%        6


Dungeon Overview and Level Annotations

Branches:
Dungeon (3/15)

Altars:
Ru

Annotations:
D:3 2 transporters, HallandMoats's ghost, weakling DsFi


Message History

There is an open door here.
Found a scale mail.
There is an open door here.
You open the door.
There is an open door here.
HallandMoats's ghost turns its malevolent gaze towards you.
Could not explore, unopened runed door.
You open the large door.
Casting: Magic Dart (safe; 1% risk of failure)
Confirm with . or Enter, or press ? or * to list all spells.
Aiming: Searing Ray (safe; 1% risk of failure)
Press: ? - help, Shift-Dir - straight line, f - HallandMoats's ghost
Aim: HallandMoats's ghost (82% to hit)
The searing ray misses HallandMoats's ghost. (Press . to maintain the ray.) HallandMoats's ghost barely misses you.
The searing ray misses HallandMoats's ghost.
HallandMoats's ghost hits you!
The searing ray hits HallandMoats's ghost!
HallandMoats's ghost is moderately damaged.
HallandMoats's ghost barely misses you.
The searing ray misses HallandMoats's ghost.
You finish channelling your searing ray.
HallandMoats's ghost hits you!
* * * LOW HITPOINT WARNING * * *
You feel much better. HallandMoats's ghost misses you.
Casting: Searing Ray (safe; 1% risk of failure)
Confirm with . or Enter, or press ? or * to list all spells.
Aiming: Searing Ray (safe; 1% risk of failure)
Press: ? - help, Shift-Dir - straight line, f/p - HallandMoats's ghost
Aim: HallandMoats's ghost (moderately damaged, 82% to hit)
The searing ray hits HallandMoats's ghost.
HallandMoats's ghost is moderately damaged. (Press . to maintain the ray.) HallandMoats's ghost hits you!
* * * LOW HITPOINT WARNING * * *
The searing ray hits HallandMoats's ghost but does no damage.
HallandMoats's ghost is moderately damaged.
HallandMoats's ghost hits you!
You die...

.....#.#<)...#.....#.............
.....#......##########...........
.....#......###.#.####...........
.....##...).#≈#.)!.≈##..#........
##..........##(.≈≈.#§#...........
##.........[##..#.⌠§≈#...........
##..........#..≈...§##....<......
##..........####W'####...........
##..............@..............#.
##...#....................####...
##...#....................# #.##
##...#.###'#+#.#.########## #...
######.......#.#.#### ####
#####.###......# #.......##.#
##########.# #.#


You could see HallandMoats's ghost.

Vanquished Creatures
  An orc priest (D:3)
  An orc wizard (D:3)
  4 adders
  2 dart slugs
  6 orcs
  5 ball pythons
  7 bats
  4 endoplasms
  4 giant cockroaches
  2 goblins (D:1)
  3 hobgoblins
  2 jackals (D:1)
  3 quokkas
  4 frilled lizards
  5 kobolds
  7 rats
60 creatures vanquished.

Notes
Turn   | Place    | Note
-------+----------+-------------------------------------------
     0 | D:1      | horus123 the Deep Elf Conjurer began the quest for the Orb.
     0 | D:1      | Reached XP level 1. HP: 10/10 MP: 6/6
   202 | D:1      | Reached XP level 2. HP: 15/15 MP: 7/9
   205 | D:1      | Learned a level 2 spell: Searing Ray
   582 | D:1      | Reached skill level 5 in Conjurations
   701 | D:1      | Reached XP level 3. HP: 19/19 MP: 8/10
   705 | D:1      | Learned a level 3 spell: Dazzling Flash
  1030 | D:2      | Found a faded altar of an unknown god.
  1083 | D:2      | Reached skill level 1 in Hexes
  2044 | D:3      | Reached XP level 4. HP: 24/24 MP: 4/12
  2155 | D:3      | Found a large runed translucent door.
  2155 | D:3      | Found a large runed translucent door.
  2156 | D:3      | Noticed HallandMoats's ghost (weakling DsFi)
  2227 | D:3      | Learned a level 4 spell: Iskenderun's Mystic Blast
  2327 | D:3      | Found a transporter.
  2635 | D:3      | Found a transporter.
  2648 | D:3      | Reached skill level 1 in Translocations
  2686 | D:3      | Found a sacrificial altar of Ru.
  2733 | D:3      | Reached XP level 5. HP: 26/28 MP: 7/13
  2802 | D:3      | Became a worshipper of Ru the Awakened
  2977 | D:3      | Slain by HallandMoats's ghost

Illustrated notes

Levels and vault maps discovered:
D:1:      dpeg_arrival_prison, layout_rooms
D:2:      layout_basic, shapermc_ecumenical_altar_pompeii,
          hangedman_decor_opposing
D:3:      gammafunk_steamed_eel, layout_basic,
          nicolae_ru_great_annihilating_truth, ebering_ghost_disaster_area,
          due_unseen_surprise

Skill      XL: |  1  2  3  4 |
---------------+-------------+-----
Spellcasting   | 4 |  4.0
Conjurations   | 5 |  5.0
Hexes          | 3 4 |  4.1
Translocations | 2 |  2.2
Dodging        | |  2.4
Stealth        | |  2.4

Action                   |  1- 3 |  4- 6 || total
-------------------------+-------+-------++-------
Melee: Short sword       |     3 |     3 ||     6
 Cast: Magic Dart        |    67 |    30 ||    97
       Searing Ray       |     2 |     3 ||     5
  Use: Scroll            |     6 |     2 ||     8
       Potion            |       |     1 ||     1
Armor: Robe              |     2 |       ||     2
Dodge: Dodged            |     5 |    12 ||    17

Table legend: (Time is in decaauts)
 A = Elapsed time spent in this place.
 B = Non-inter-level travel time spent in this place.
 C = Inter-level travel time spent in this place.
 D = Time resting spent in this place.
 E = Time spent auto-exploring this place.
 F = Levels seen in this place.
 G = Mean time per level.
                   A        B        C        D        E       F      G
               +--------+--------+--------+--------+--------+-----+--------+
         Total |   2977 |   2928 |     49 |    280 |   2308 |   3 |  992.3 |
       Dungeon |   2977 |   2928 |     49 |    280 |   2308 |   3 |  992.3 |
               +--------+--------+--------+--------+--------+-----+--------+

Top non-repeatable levels by time:
     D:2: 1237 daAuts
     D:1: 876 daAuts
     D:3: 863 daAuts
